 Dungeon Crawl Stone Soup version 0.28-a0-802-g09f76e8c00 (webtiles) character file.

Game seed: 14637605570068475465

25 Rennog the Magician (level 3, -3/25 HPs)
             Began as a Djinni Air Elementalist on Nov 6, 2021.
             Was an Initiate of Ashenzari.
             Slain by Natasha (8 damage)
             ... on level 2 of the Dungeon.
             The game lasted 00:02:49 (1739 turns).

Rennog the Magician (Djinni Air Elementalist)       Turns: 1739, Time: 00:02:50

Health: -3/25      AC:  3    Str:  7    XL:     3   Next: 20%
Gold:   10         EV: 12    Int: 17    God:    Ashenzari [......] SH:  0 Dex: 13

rFire   + + .      SeeInvis .   g - +0 quarterstaff
rCold   x . .      Faith    .   (shield currently unavailable)
rNeg    . . .      Spirit   .   a - +0 robe
rPois   ∞          Reflect  .   c - +0 helmet "Shame of the Sky" {Evo, Self} (curse)
rElec   .          Harm     .   (no cloak)
rCorr   .          Rampage  .   (no gloves)
Will    .....                   (boots unavailable)
Stlth   ++........              (no amulet)
HPRegen 0.08/turn               (no ring)
MPRegen 0.00/turn               (no ring)

@: flying
A: sickness immunity, fire resistance 2, cold vulnerability 1, float, innate
caster, hp casting, extra vitality 1
a: Renounce Religion, Shatter the Chains


You were on level 2 of the Dungeon.
You worshipped Ashenzari.
Ashenzari was noncommittal.
You visited 1 branch of the dungeon, and saw 2 of its levels.

You collected 10 gold pieces.

Inventory:

Hand Weapons
 g - a +0 quarterstaff (weapon)
Armour
 a - a +0 robe (worn)
 c - the cursed +0 helmet "Shame of the Sky" (worn) {Evo, Self}
   (You found it on level 1 of the Dungeon)

   It has a curse which improves the following skills: Evocations: Evocations.
   Introspection: Fighting and Spellcasting.
Scrolls
 b - a scroll of enchant weapon {unknown}
 e - a scroll of amnesia {unknown}
Potions
 d - a potion of brilliance {unknown}
 f - a potion of invisibility {unknown}


   Skills:
 + Level 0.0 Fighting
 + Level 2.8 Dodging
 - Level 1.5 Stealth
 * Level 3.0(3.5) Spellcasting


You couldn't memorise any spells.
You knew the following spells:

 Your Spells              Type           Power      Damage    Failure   Level
a - Shock                 Conj/Air       56%        1d6       4%          1
b - Static Discharge      Conj/Air       14%        N/A       6%          2
c - Swiftness             Air            14%        N/A       12%         3
d - Airstrike             Air            7%         N/A       36%         4
e - Freeze                Ice            56%        1d7       4%          1
Your spell library was empty.

Dungeon Overview and Level Annotations

Branches:
Dungeon (2/15)

Altars:
Ashenzari

Annotations:
D:2 Natasha


Innate Abilities, Weirdness & Mutations

You are immune to sickness and miasma.
You are immune to poison.
Your flesh is very heat resistant. (rF++)
You are vulnerable to cold. (rC-)
You float through the air rather than walking.
You learn spells naturally, not from books.
Your magical power is your life essence.
You have superior vitality. (+4 HP)


Message History

There is a stone staircase leading down here.
You fly downwards.
Found a thin citrine amulet.
Found a stone staircase leading down.
There is a stone staircase leading up here.
A rat comes into view.
A rat is nearby!
A rat is nearby!
A rat is nearby!
Natasha, Servant of Life and Death comes into view.
Natasha casts a spell.
You see here an amulet of regeneration.
The rat bites you but does no damage.
You hit the rat.
You kill the rat!
The white imp shouts, "Fly, thou feeble weevil-witted serf!"
The white imp completely misses you.
You hit the white imp but do no damage. The white imp gestures at you.
The puff of frost hits you.
You feel a terrible chill! Natasha claws you.
You hit the white imp.
The white imp is heavily wounded.
The white imp misses you.
Natasha mumbles some strange words.
You closely miss the white imp.
The white imp is heavily wounded.
Natasha casts a spell at you. The magic dart hits you!
The white imp gestures at you. The puff of frost misses you.
You are too injured to fight recklessly!
The white imp hits you.
* * * LOW HITPOINT WARNING * * *
The white imp freezes you.
You feel a terrible chill!
* * * LOW HITPOINT WARNING * * *
Natasha casts a spell.
You see here an amulet of regeneration.
There is a stone staircase leading up here.
The shadow imp laughs crazily.
Natasha claws you!
You die...

#.#############
.>.............
#@.#.# #h5#.##
#..#.. #55#.#
##."#.##.#
#........#
#...#†##.#
#..........
#.#.#......


You could see Natasha, 2 white imps and a shadow imp (summoned).

Vanquished Creatures
  A bat (D:1)
  2 endoplasms (D:1)
  A giant cockroach (D:1)
  3 goblins (D:1)
  A hobgoblin (D:1)
  3 jackals (D:1)
  3 quokkas (D:1)
  3 ball pythons (D:1)
  5 rats
22 creatures vanquished.

Notes
Turn   | Place    | Note
-------+----------+-------------------------------------------
     0 | D:1      | Rennog the Djinni Air Elementalist began the quest for the
                  | Orb.
     0 | D:1      | Reached XP level 1. HP: 15/15 MP: 0/0
   374 | D:1      | Reached XP level 2. HP: 6/21 MP: 0/0
   603 | D:1      | Found a faded altar of an unknown god.
   731 | D:1      | Prayed at the altar of an unknown god.
   731 | D:1      | Became a worshipper of Ashenzari the Shackled
  1137 | D:1      | Reached XP level 3. HP: 5/25 MP: 0/0
  1137 | D:1      | Learned a level 1 spell: Freeze
  1396 | D:1      | Reached skill level 3 in Spellcasting
  1726 | D:2      | Noticed Natasha
  1739 | D:2      | Slain by Natasha

Illustrated notes

Levels and vault maps discovered:
D:1:      amcnicky_arrival_feature_with_door, layout_rooms,
          basic_ecumenical_altar
D:2:      layout_basic, uniq_robin, uniq_natasha

Skill      XL: |  1  2  3 |
---------------+----------+-----
Spellcasting   | 3 |  3.0
Dodging        | |  2.8
Stealth        | |  1.5

Action                   || total
-------------------------++-------
Melee: Unarmed           ||    49
       Quarterstaff      ||     4
 Cast: Shock             ||    37
       Static Discharge  ||     2
Invok: Curse Item        ||     1
Armor: Robe              ||    12
Dodge: Dodged            ||    52

Table legend: (Time is in decaauts)
 A = Elapsed time spent in this place.
 B = Non-inter-level travel time spent in this place.
 C = Inter-level travel time spent in this place.
 D = Time resting spent in this place.
 E = Time spent auto-exploring this place.
 F = Levels seen in this place.
 G = Mean time per level.
                   A        B        C        D        E       F      G
               +--------+--------+--------+--------+--------+-----+--------+
         Total |   1739 |   1651 |     88 |      0 |   1438 |   2 |  869.5 |
       Dungeon |   1739 |   1651 |     88 |      0 |   1438 |   2 |  869.5 |
               +--------+--------+--------+--------+--------+-----+--------+

Top non-repeatable levels by time:
     D:1: 1721 daAuts
     D:2: 17 daAuts
